[Event "Titled Tuesday Blitz March 21 Early 2023"]
[White "Ruge, Edison"]
[Black "Turayev, Shahruh"]
[WhiteFideId "4401000"]
[BlackFideId "14003856"]
[WhiteElo "2175"]
[BlackElo "2171"]
[Result "1/2-1/2"]
[Round "01"]
[TimeControl "180+2"]
[Date "2023.03.21"]
[WhiteClock "0:00:06"]
[BlackClock "0:00:41"]

1. e4 d5 2. d3 dxe4 3. dxe4 Qxd1+ 4. Kxd1 e5 5. Be3 Be6 6. c3 Nd7 7. Kc2 Bc5 8. Bxc5 Nxc5 9. f3 a5 10. Nd2 f6 11. Bc4 Kf7 12. Bxe6+ Kxe6 13. Ne2 Ne7 14. Nc4 b5 15. Ne3 c6 16. Rad1 g5 17. Rd2 Rad8 18. Rhd1 Rxd2+ 19. Rxd2 h5 20. Ng3 h4 21. Ngf5 Nxf5 22. Nxf5 Nb7 23. Ng7+ Kf7 24. Rd7+ Kg6 25. Rxb7 Rh7 26. Rc7 Rxg7 27. Rxc6 h3 28. g4 Rb7 29. Ra6 a4 30. Rd6 Kf7 31. b3 axb3+ 32. Kxb3 Ke7 33. Rd1 Ke6 34. Rg1 Kd6 35. Rg3 Rh7 36. Kb4 Kc6 37. Rg1 Ra7 38. Kb3 Rd7 39. Rg3 Rh7 40. c4 Kc5 41. cxb5 Kxb5 42. a3 Rh8 43. Rg1 Rd8 44. a4+ Ka5 45. Kc4 Rd2 46. Kc5 Rxh2 47. Kd6 Rf2 48. Rg3 h2 49. Rh3 Kxa4 50. Ke6 Kb4 51. Rh8 Rxf3 52. Rxh2 Kc4 53. Rd2 Rf4 54. Rd1 Kc3 55. Rd8 Rxg4 56. Kxf6 Rxe4 57. Kxg5 Re1 58. Kg4 e4 59. Kg3 Rf1 60. Kg2 Rf7 61. Kg1 e3 62. Re8 Kd2 63. Rd8+ Ke1 64. Re8 e2 65. Kg2 Rf5 66. Re7 Kd2 67. Rd7+ Ke3 68. Re7+ Kd2 69. Rd7+ Ke1 70. Re7 Rg5+ 71. Kf3 Rf5+ 72. Kg2 1/2-1/2


[Site "https://www.chess.com"]

[Event "Titled Tuesday Blitz March 21 Early 2023"]
[White "Amilal Munkhdalai"]
[Black "Blokhin, Sofia"]
[WhiteFideId "4903250"]
[BlackFideId "4508190"]
[WhiteElo "2293"]
[BlackElo "1994"]
[Result "1-0"]
[Round "01"]
[TimeControl "180+2"]
[Date "2023.03.21"]
[WhiteClock "0:02:02"]
[BlackClock "0:00:17"]

1. e4 c5 2. Nf3 Nc6 3. d4 cxd4 4. Nxd4 Nf6 5. Nc3 e5 6. Ndb5 d6 7. Bg5 a6 8. Na3 Be7 9. Bxf6 Bxf6 10. Nd5 Be6 11. c3 Bxd5 12. Qxd5 Qe7 13. Bc4 O-O 14. O-O Rac8 15. Rad1 Rfd8 16. Qd3 b5 17. Bd5 Nb8 18. Nc2 Nd7 19. Nb4 Nc5 20. Qe2 Qd7 21. Nd3 Nxd3 22. Rxd3 Rc5 23. Rfd1 Bg5 24. Bb3 Qe7 25. g3 Kh8 26. Rd5 Rxd5 27. Rxd5 g6 28. Qd3 Qd7 29. h4 Bh6 30. Bc2 Bf8 31. Qf3 Kg7 32. Rd1 Be7 33. h5 Rf8 34. Kg2 f5 35. hxg6 hxg6 36. Qe2 Rh8 37. Rh1 Rxh1 38. Kxh1 fxe4 39. Qxe4 Qh3+ 40. Kg1 Qh5 41. Qb7 Kf7 42. Qxa6 Qe2 43. Bb3+ Kg7 44. Qb7 Qe1+ 45. Kg2 Kf6 46. Qf3+ Kg5 47. Be6 Kh6 48. Bd5 Bg5 49. Be4 Qd2 50. Qf7 1-0


[Site "https://www.chess.com"]

[Event "Titled Tuesday Blitz March 21 Early 2023"]
[White "monkins"]
[Black "Demin, Vladimir"]
[BlackFideId "4167457"]
[WhiteElo "2217"]
[BlackElo "2636"]
[Result "1-0"]
[Round "01"]
[TimeControl "180+2"]
[Date "2023.03.21"]
[WhiteClock "0:00:48"]
[BlackClock "0:00:05"]

1. Nf3 d5 2. c4 e6 3. g3 Nf6 4. Bg2 Be7 5. O-O O-O 6. d3 b6 7. Nbd2 Bb7 8. Rb1 c5 9. a3 d4 10. b4 Qc7 11. bxc5 Bxc5 12. Nb3 e5 13. Nxc5 Qxc5 14. Bd2 Re8 15. Bb4 Qc7 16. c5 bxc5 17. Bxc5 Qxc5 18. Rxb7 Nbd7 19. Qa1 Rab8 20. Rxb8 Rxb8 21. Rc1 Qb6 22. Nd2 h5 23. Nc4 Qe6 24. Rb1 Rxb1+ 25. Qxb1 e4 26. h3 g6 27. Qb7 exd3 28. exd3 Qe1+ 29. Bf1 Kg7 30. Qxa7 Nf8 31. Qxd4 Ne6 32. Qe5 Qd1 33. Ne3 Qb3 34. g4 hxg4 35. Nxg4 Qd1 36. Qxf6+ Kf8 37. Ne5 1-0


[Site "https://www.chess.com"]

[Event "Titled Tuesday Blitz March 21 Early 2023"]
[White "Skliarov, Viktor"]
[Black "ritanovikova"]
[WhiteFideId "14106736"]
[WhiteElo "2289"]
[BlackElo "2216"]
[Result "1-0"]
[Round "01"]
[TimeControl "180+2"]
[Date "2023.03.21"]
[WhiteClock "0:00:17"]
[BlackClock "0:00:14"]

1. e4 d5 2. exd5 Qxd5 3. Nc3 Qd6 4. d4 Nf6 5. Nf3 c6 6. Ne5 Nbd7 7. Nc4 Qc7 8. g3 Nb6 9. Bf4 Qd8 10. Qe2 Bg4 11. f3 Bh5 12. Nd6+ Kd7 13. Nxb7 Qc8 14. Nc5+ Ke8 15. O-O-O e6 16. g4 Bg6 17. h4 h5 18. Bg5 Nfd5 19. Nxd5 cxd5 20. Qb5+ Nd7 21. Qxd7+ Qxd7 22. Nxd7 Kxd7 23. Bb5+ Kc7 24. Bf4+ Bd6 25. Bxd6+ Kxd6 26. g5 a6 27. Bd3 Bxd3 28. Rxd3 g6 29. f4 Rhc8 30. c3 a5 31. Kc2 a4 32. Rb1 f6 33. Re1 Rf8 34. Rde3 Rae8 35. b3 axb3+ 36. axb3 fxg5 37. fxg5 Rf2+ 38. R1e2 Rf4 39. Rh2 Rc8 40. Kd3 Rb8 41. b4 Rbf8 42. Ra2 Rxh4 43. Ra6+ Kd7 44. Raxe6 Rf5 45. Rxg6 Rg4 46. Rg7+ Kd6 47. Re8 Rf3+ 48. Kc2 Rg2+ 49. Kb3 Rgg3 50. Rc8 h4 51. b5 h3 52. b6 h2 53. b7 h1=Q 54. b8=Q+ Ke6 55. Qe5# 1-0


[Site "https://www.chess.com"]

[Event "Titled Tuesday Blitz March 21 Early 2023"]
[White "Ardila, Oscar Humberto"]
[Black "Vlassov, Nikolai"]
[WhiteFideId "4404742"]
[BlackFideId "4103360"]
[WhiteElo "1911"]
[BlackElo "2324"]
[Result "1-0"]
[Round "01"]
[TimeControl "180+2"]
[Date "2023.03.21"]
[WhiteClock "0:00:39"]
[BlackClock "0:00:01"]

1. d4 Nf6 2. Nf3 e6 3. Bg5 h6 4. Bh4 c5 5. c3 b6 6. Nbd2 Bb7 7. e3 Be7 8. Bd3 g5 9. Bg3 g4 10. Ne5 Rg8 11. O-O d6 12. Nec4 b5 13. Na3 b4 14. Bb5+ Kf8 15. Nc2 bxc3 16. bxc3 Nd5 17. Nb1 Qb6 18. c4 Nc7 19. Nc3 cxd4 20. Qxd4 Qxd4 21. exd4 h5 22. Rfe1 h4 23. Bf4 Rg6 24. Rad1 a6 25. Ba4 Bc6 26. Nb4 Bxa4 27. Nxa4 a5 28. Nb6 axb4 29. Nxa8 Nxa8 30. c5 Nc6 31. cxd6 Bf6 32. Be5 Nb6 33. Rc1 Nd8 34. Rc7 Nd5 35. Rc8 Ke8 36. Rb8 Kd7 37. Rc1 Bxe5 38. dxe5 Rg5 39. Rcc8 Rxe5 40. Rxd8+ Kc6 41. Rbc8+ Kb7 42. Kf1 f5 43. d7 Nb6 44. Rc1 Rd5 45. Re8 Nxd7 46. Rxe6 1-0


[Site "https://www.chess.com"]

[Event "Titled Tuesday Blitz March 21 Early 2023"]
[White "wqws"]
[Black "Ciuffoletti, Paolo"]
[BlackFideId "807630"]
[WhiteElo "2630"]
[BlackElo "2143"]
[Result "1-0"]
[Round "01"]
[TimeControl "180+2"]
[Date "2023.03.21"]
[WhiteClock "0:01:18"]
[BlackClock "0:00:06"]

1. e4 c5 2. Nf3 Nc6 3. d4 cxd4 4. Nxd4 Nf6 5. Nc3 e5 6. Ndb5 d6 7. Bg5 a6 8. Na3 b5 9. Nd5 Be7 10. Bxf6 Bxf6 11. c3 O-O 12. Nc2 Rb8 13. Nce3 Bg5 14. Be2 a5 15. O-O Be6 16. a4 bxa4 17. Qxa4 Ne7 18. Qxa5 Bxd5 19. Nxd5 Nxd5 20. Qxd5 Rxb2 21. Bc4 Qc7 22. Rfd1 Qb6 23. Rf1 Rd2 24. Qb5 Qxb5 25. Bxb5 g6 26. Bc6 Rc8 27. Bd5 Rxc3 28. Ra7 Kg7 29. Rxf7+ Kh6 30. g3 Rcc2 31. h4 Bd8 32. Rd7 Bb6 33. Bg8 Bxf2+ 34. Kh1 Kh5 35. Rxh7+ Kg4 36. Rg7 Bxg3 37. Rxg6+ Kh3 38. Be6+ Kxh4 39. Rg4+ Kh3 40. Rgf4# 1-0


[Site "https://www.chess.com"]

[Event "Titled Tuesday Blitz March 21 Early 2023"]
[White "Fernandez Hernandez, Gerardo"]
[Black "Fromm, Marius"]
[WhiteFideId "2207400"]
[BlackFideId "12993190"]
[WhiteElo "2203"]
[BlackElo "2325"]
[Result "0-1"]
[Round "01"]
[TimeControl "180+2"]
[Date "2023.03.21"]
[WhiteClock "0:00:01"]
[BlackClock "0:00:53"]

1. e4 c5 2. d3 Nc6 3. g3 g6 4. Bg2 Bg7 5. f4 e6 6. Nf3 Nge7 7. O-O O-O 8. c3 b6 9. Be3 Bb7 10. d4 d5 11. e5 Rc8 12. Na3 Ba6 13. Re1 Qd7 14. Qd2 Rc7 15. dxc5 bxc5 16. Bxc5 Rb8 17. Bd6 Nf5 18. Bxc7 Qxc7 19. g4 Nfe7 20. Rac1 Qb6+ 21. Kh1 Qxb2 22. Qxb2 Rxb2 23. Rc2 Rb8 24. Rb1 Rc8 25. Nb5 f6 26. exf6 Bxf6 27. g5 Bg7 28. Bh3 Nf5 29. Rbb2 h6 30. Bxf5 exf5 31. Nbd4 Na5 32. gxh6 Bxh6 33. Ne6 Bd3 34. Rd2 Be4 35. Kg2 Nc4 36. Nd4 Bxf4 37. Re2 Nxb2 0-1


[Site "https://www.chess.com"]

[Event "Titled Tuesday Blitz March 21 Early 2023"]
[White "Panesso Rivera, Henry"]
[Black "Putri, Regita Desyari"]
[WhiteFideId "4402707"]
[BlackFideId "7109083"]
[WhiteElo "2345"]
[BlackElo "1930"]
[Result "0-1"]
[Round "01"]
[TimeControl "180+2"]
[Date "2023.03.21"]
[WhiteClock "0:00:02"]
[BlackClock "0:00:04"]

1. Nf3 Nf6 2. b3 d5 3. Bb2 c5 4. e3 Nc6 5. Bb5 Qb6 6. Na3 a6 7. Bxc6+ Qxc6 8. c4 Bg4 9. h3 Bh5 10. g4 Bg6 11. Ne5 Qd6 12. cxd5 Qxd5 13. O-O b5 14. d3 Rd8 15. e4 Qb7 16. Qe2 Nd7 17. f4 Nxe5 18. Bxe5 f6 19. Bb2 Bf7 20. Nc2 Qd7 21. Rad1 h5 22. d4 c4 23. d5 hxg4 24. hxg4 Rc8 25. b4 c3 26. Bc1 Rc4 27. f5 Qc7 28. Qg2 Qb6+ 29. Be3 Qd6 30. a3 Qe5 31. Bd4 Qc7 32. Bc5 e6 33. Bxf8 Kxf8 34. dxe6 Be8 35. Rf3 Qb6+ 36. Qf2 Qc6 37. Rf4 Rxe4 38. Qg2 Rc4 39. Qxc6 Rxc6 40. Kf2 Rh2+ 41. Ke3 Rxc2 42. Rh1 Rg2 43. Kf3 Ra2 44. Rh8+ Ke7 45. Rh7 c2 46. Rxg7+ Kd6 47. Rd4+ Ke5 48. Re4+ Kd5 49. Rd7+ Bxd7 50. exd7 Rd6 51. Re1 Rxd7 52. g5 fxg5 53. Kg4 Kc4 54. f6 Rd1 55. f7 Rxe1 56. f8=Q c1=Q 57. Qf7+ Kc3 58. Qf6+ Kb3 59. Qf3+ Re3 60. Qb7 Qg1+ 61. Kf5 Rf2+ 62. Kg6 g4 63. Qd5+ Kxa3 0-1


[Site "https://www.chess.com"]

[Event "Titled Tuesday Blitz March 21 Early 2023"]
[White "Pniaczek, Marek"]
[Black "Alex_Sahakyan2006"]
[WhiteFideId "21800421"]
[WhiteElo "2138"]
[BlackElo "2625"]
[Result "1-0"]
[Round "01"]
[TimeControl "180+2"]
[Date "2023.03.21"]
[WhiteClock "0:00:05"]
[BlackClock "0:00:03"]

1. e4 c6 2. Nf3 d5 3. Nc3 dxe4 4. Nxe4 Nf6 5. Qe2 Nxe4 6. Qxe4 Qd5 7. Qh4 Bf5 8. Bc4 Qd6 9. d3 e6 10. O-O Be7 11. Bg5 Bxg5 12. Qxg5 O-O 13. Nh4 Bg6 14. Rae1 Nd7 15. Kh1 Qc5 16. Qg3 Rfe8 17. Bb3 a5 18. a4 Qd4 19. Nxg6 hxg6 20. c3 Qb6 21. Bc4 Qxb2 22. Rb1 Qxc3 23. Rxb7 Nf6 24. Qc7 Rf8 25. Bxe6 Qxd3 26. Bxf7+ Kh8 27. Kg1 Nh7 28. Qxc6 Ra6 29. Qc5 Rd6 30. Bc4 Qd2 31. Bb5 Nf6 32. Qc1 Ne4 33. Qxd2 Rxd2 34. Rb6 Nxf2 35. Rxg6 Rf4 36. Rg3 Nd3 37. Rgf3 Rxf3 38. Rxf3 Nb2 39. Rf2 Rd1+ 40. Rf1 Rd2 41. h3 Kh7 42. Rf2 Rd1+ 43. Rf1 Nd3 44. Rxd1 1-0


[Site "https://www.chess.com"]

[Event "Titled Tuesday Blitz March 21 Early 2023"]
[White "Rastbod, Ali"]
[Black "Hernandez Jimenez, Alexander Andres"]
[WhiteFideId "12567477"]
[BlackFideId "3900452"]
[WhiteElo "2211"]
[BlackElo "2112"]
[Result "1-0"]
[Round "01"]
[TimeControl "180+2"]
[Date "2023.03.21"]
[WhiteClock "0:00:20"]
[BlackClock "0:00:13"]

1. e4 c5 2. Nc3 g6 3. g3 Nc6 4. Bg2 Bg7 5. d3 e6 6. Be3 Nd4 7. Qd2 b6 8. Bxd4 cxd4 9. Nb5 d5 10. Qb4 a5 11. Qa3 Ne7 12. Nd6+ Kf8 13. Nf3 dxe4 14. Ng5 Qd7 15. Ndxf7 Rg8 16. Nxe4 Kxf7 17. Nd6+ Kf8 18. Bxa8 Ba6 19. O-O Be5 20. Nc4 Bc7 21. Bg2 Kg7 22. Rae1 Rf8 23. Ne5 Bxe5 24. Rxe5 Nf5 25. Qb3 Rf6 26. Qxb6 1-0


[Site "https://www.chess.com"]

[Event "Titled Tuesday Blitz March 21 Early 2023"]
[White "Kuchava, Ana"]
[Black "Khumalo, Keith"]
[WhiteFideId "13605348"]
[BlackFideId "14319470"]
[WhiteElo "2001"]
[BlackElo "2056"]
[Result "0-1"]
[Round "01"]
[TimeControl "180+2"]
[Date "2023.03.21"]
[WhiteClock "0:00:03"]
[BlackClock "0:01:14"]

1. d4 Nf6 2. Nf3 g6 3. c4 Bg7 4. Nc3 O-O 5. e4 d6 6. Be2 Na6 7. O-O e5 8. d5 Nc5 9. Qc2 a5 10. h3 Bd7 11. Be3 Ne8 12. a3 a4 13. Nd2 f5 14. exf5 Bxf5 15. Qd1 Qd7 16. Bg4 Bxg4 17. Qxg4 Qxg4 18. hxg4 Nd3 19. Rab1 Nf6 20. f3 Nd7 21. Nde4 b6 22. Rfd1 N3c5 23. Nxc5 bxc5 24. g5 Nb6 25. Nb5 Nxc4 26. Bf2 Rfc8 27. Rdc1 Nb6 0-1


[Site "https://www.chess.com"]

[Event "Titled Tuesday Blitz March 21 Early 2023"]
[White "Ozates, Tuna"]
[Black "Kiseleva, Arina"]
[WhiteFideId "6354521"]
[BlackFideId "4164989"]
[WhiteElo "2151"]
[BlackElo "1756"]
[Result "1-0"]
[Round "01"]
[TimeControl "180+2"]
[Date "2023.03.21"]
[WhiteClock "0:00:37"]
[BlackClock "0:00:03"]

1. d4 Nf6 2. Bg5 Ne4 3. Bf4 d5 4. e3 c6 5. Nd2 Nxd2 6. Qxd2 h6 7. Nf3 Bf5 8. c4 e6 9. Be2 Bd6 10. Bg3 Qe7 11. O-O Bxg3 12. hxg3 Nd7 13. c5 e5 14. b4 a6 15. a4 O-O 16. b5 e4 17. Nh2 axb5 18. axb5 Nf6 19. b6 Rfb8 20. Ra7 Rxa7 21. bxa7 Ra8 22. Ra1 Qc7 23. Qa2 b5 24. cxb6 Qxb6 25. Nf1 Bg4 26. Bxg4 Nxg4 27. Nd2 Nf6 28. Nb3 Nd7 29. Qa3 f5 30. Kh2 Kf7 31. Nc1 Qc7 32. Ne2 Nf6 33. Kg1 Ne8 34. Nc1 Nd6 35. Nb3 Nb5 36. Qc5 Rxa7 37. Rc1 Ra6 38. Qxb5 Qa7 39. Rxc6 Ra1+ 40. Kh2 Rb1 41. Qxd5+ Kf8 42. Nc5 Qa8 43. Rf6+ gxf6 44. Qxa8+ 1-0


[Site "https://www.chess.com"]

[Event "Titled Tuesday Blitz March 21 Early 2023"]
[White "Adithya A Chullikkad"]
[Black "Gallo Garcia, Kemel Antonio"]
[WhiteFideId "45078734"]
[BlackFideId "3523896"]
[WhiteElo "1984"]
[BlackElo "2359"]
[Result "1-0"]
[Round "01"]
[TimeControl "180+2"]
[Date "2023.03.21"]
[WhiteClock "0:00:18"]
[BlackClock "0:00:11"]

1. d4 Nf6 2. Bf4 d5 3. e3 c5 4. c3 Nc6 5. Nd2 e6 6. Bd3 Be7 7. h3 Bd6 8. Ne2 e5 9. dxe5 Nxe5 10. Bb5+ Bd7 11. Bxd7+ Qxd7 12. Qc2 O-O 13. O-O-O Qb5 14. Nf3 Rfe8 15. Nxe5 Bxe5 16. g4 Rad8 17. Bxe5 Rxe5 18. Ng3 g6 19. Rd2 Rd6 20. Rhd1 Ra6 21. Kb1 Qa5 22. a3 b5 23. f4 Rxe3 24. Nf1 Rxh3 25. g5 Nh5 26. Rxd5 Qc7 27. f5 Qc6 28. f6 h6 29. Rd8+ Kh7 30. R8d7 Qe6 31. Re7 Qc4 32. Ne3 Rxe3 33. Rxe3 hxg5 34. Re4 1-0


[Site "https://www.chess.com"]

[Event "Titled Tuesday Blitz March 21 Early 2023"]
[White "Gontcharov, Vladislav"]
[Black "Sanchez, Robert"]
[WhiteFideId "4123492"]
[BlackFideId "2034360"]
[WhiteElo "2470"]
[BlackElo "2185"]
[Result "1-0"]
[Round "01"]
[TimeControl "180+2"]
[Date "2023.03.21"]
[WhiteClock "0:00:34"]
[BlackClock "0:00:48"]

1. d4 d5 2. c4 c6 3. Nf3 Nf6 4. Nc3 dxc4 5. a4 Bf5 6. e3 e6 7. a5 Nbd7 8. Bxc4 Bb4 9. Qb3 Qe7 10. O-O O-O 11. Bd2 Rab8 12. Rfe1 Rfd8 13. e4 Bg6 14. Bg5 Bxc3 15. bxc3 e5 16. Nh4 b5 17. axb6 axb6 18. Ra7 b5 19. Nxg6 hxg6 20. Bxf7+ Qxf7 21. Qxf7+ Kxf7 22. dxe5 Ne8 23. Bxd8 Rxd8 24. Rd1 Ke6 25. f4 Ke7 26. Kf2 g5 27. g3 g6 28. Ke3 Ng7 29. Rd6 Ne6 30. Rxc6 gxf4+ 31. gxf4 Rh8 32. f5 Nc5 33. Rxc5 1-0


[Site "https://www.chess.com"]

[Event "Titled Tuesday Blitz March 21 Early 2023"]
[White "Hernandez Bonilla, Amelia"]
[Black "Tillyaev, Ulugbek"]
[WhiteFideId "3900193"]
[BlackFideId "14202441"]
[WhiteElo "2185"]
[BlackElo "2377"]
[Result "0-1"]
[Round "01"]
[TimeControl "180+2"]
[Date "2023.03.21"]
[WhiteClock "0:01:34"]
[BlackClock "0:01:24"]

1. d4 c5 2. d5 e5 3. dxe6 fxe6 4. e4 Nc6 5. Nf3 Nf6 6. e5 Nd5 7. c4 Nde7 8. Bg5 h6 9. Bh4 g5 10. Bg3 Bg7 11. Bd3 O-O 12. Qe2 Nf5 13. Nc3 g4 14. Nh4 Nxh4 15. Bxh4 Qxh4 16. O-O-O Nxe5 17. Bb1 Rxf2 18. Qe4 Qg5+ 0-1


[Site "https://www.chess.com"]

[Event "Titled Tuesday Blitz March 21 Early 2023"]
[White "Filgueira, Hernan"]
[Black "lisjakzlatko1"]
[WhiteFideId "101770"]
[WhiteElo "2363"]
[BlackElo "2185"]
[Result "1-0"]
[Round "01"]
[TimeControl "180+2"]
[Date "2023.03.21"]
[WhiteClock "0:01:00"]
[BlackClock "0:00:36"]

1. c4 d6 2. Nc3 e5 3. Nf3 f5 4. d4 e4 5. Ng5 Be7 6. Nh3 Nf6 7. g3 O-O 8. Bg2 c6 9. O-O Na6 10. Nf4 Nc7 11. f3 exf3 12. exf3 d5 13. cxd5 cxd5 14. Re1 Kh8 15. Nd3 Bd6 16. Bg5 h6 17. Bf4 b5 18. Bxd6 Qxd6 19. Ne5 b4 20. Ne2 Nb5 21. Ng6+ Kh7 22. Nxf8+ Qxf8 23. Qd3 a6 24. Nf4 Nd6 25. Ne6 Qf7 26. Nc5 Kh8 27. Re2 Bd7 28. Nxd7 Qxd7 29. Rae1 Ng8 30. b3 Nb5 31. Re5 Rd8 32. f4 Qa7 33. Rxd5 Rxd5 34. Bxd5 Nxd4 35. Kh1 Nf6 36. Bf3 Qc5 37. Rd1 Nb5 38. h3 Qf2 39. Bg2 Nh5 40. Kh2 Nc3 41. Rf1 Qc5 42. Re1 Qf2 43. Re8+ Kh7 44. Qxf5+ g6 45. Qf7+ Ng7 46. Qg8# 1-0


[Site "https://www.chess.com"]

[Event "Titled Tuesday Blitz March 21 Early 2023"]
[White "salgadoLO"]
[Black "Mustafayev, Farid"]
[BlackFideId "13408771"]
[WhiteElo "2179"]
[BlackElo "2269"]
[Result "0-1"]
[Round "01"]
[TimeControl "180+2"]
[Date "2023.03.21"]
[WhiteClock "0:00:01"]
[BlackClock "0:01:10"]

1. d4 Nf6 2. Bg5 g6 3. Bxf6 exf6 4. g3 Bg7 5. Bg2 O-O 6. e3 d6 7. Ne2 f5 8. O-O h5 9. h4 Nc6 10. c4 Bd7 11. Nbc3 a6 12. Rb1 Rb8 13. b4 b5 14. c5 dxc5 15. dxc5 Ne5 16. Qc1 Bc6 17. Rd1 Qe8 18. Nd4 Bxg2 19. Kxg2 Rd8 20. Nce2 Nc4 21. a4 Qe4+ 22. Kg1 c6 23. Nc3 Qe8 24. Nce2 Ne5 25. axb5 axb5 26. Ra1 Qd7 27. Ra6 Qd5 28. Nf4 Qe4 29. Qb1 Nf3+ 30. Kh1 Bxd4 31. Qxe4 fxe4 32. exd4 Rxd4 33. Rxd4 Nxd4 34. Kg2 Re8 35. Kf1 Kg7 36. Ng2 f5 37. Ne3 Kf6 38. Kg2 Ke5 39. Ra7 Ne6 40. Ra6 Rc8 41. Nc2 Kd5 42. Ne3+ Kd4 0-1


[Site "https://www.chess.com"]

[Event "Titled Tuesday Blitz March 21 Early 2023"]
[White "Decuigniere, Tom"]
[Black "Kornyukov, Alexey"]
[WhiteFideId "26093820"]
[BlackFideId "4150457"]
[WhiteElo "2312"]
[BlackElo "2352"]
[Result "1-0"]
[Round "01"]
[TimeControl "180+2"]
[Date "2023.03.21"]
[WhiteClock "0:01:31"]
[BlackClock "0:00:57"]

1. c4 e5 2. g3 Nc6 3. Bg2 Bc5 4. Nc3 Nf6 5. e3 O-O 6. Nge2 d6 7. O-O Be6 8. d4 exd4 9. exd4 Bb4 10. d5 Ne5 11. dxe6 fxe6 12. b3 Nfg4 13. Bb2 Bc5 14. Ne4 Bxf2+ 15. Nxf2 Ne3 16. Qd2 Nxf1 17. Rxf1 Qe7 18. Nf4 Rf5 19. Bxb7 c6 20. Bxe5 Qxb7 21. Qxd6 Raf8 22. Ng4 Qb6+ 23. c5 Qb4 24. Qxe6+ Kh8 25. Nh6 Qxc5+ 26. Kg2 Qxe5 27. Qxe5 Rxe5 28. Ng6+ hxg6 29. Rxf8+ Kh7 30. Ng4 Re2+ 31. Rf2 1-0


[Site "https://www.chess.com"]

[Event "Titled Tuesday Blitz March 21 Early 2023"]
[White "Rose, Felix"]
[Black "Kim, Sergey"]
[WhiteFideId "5105722"]
[BlackFideId "13700570"]
[WhiteElo "2039"]
[BlackElo "2608"]
[Result "1-0"]
[Round "01"]
[TimeControl "180+2"]
[Date "2023.03.21"]
[WhiteClock "0:00:04"]
[BlackClock "0:00:37"]

1. e4 e5 2. Nf3 Nc6 3. Bb5 a6 4. Ba4 Nf6 5. O-O b5 6. Bb3 Bc5 7. a4 Rb8 8. axb5 axb5 9. c3 d6 10. d4 Bb6 11. h3 h6 12. Re1 O-O 13. Na3 Re8 14. Nxb5 Bd7 15. d5 Ne7 16. Na3 Ng6 17. Nc4 Bc5 18. Be3 Bxe3 19. Rxe3 Nf4 20. Ba4 Ra8 21. Bxd7 Nxd7 22. Rxa8 Qxa8 23. Kh2 Qa2 24. Qf1 Nc5 25. g3 Nfd3 26. Rxd3 Qxc4 27. Rd1 Qxe4 28. Nh4 Rb8 29. b4 Na4 30. Qd3 Qxd3 31. Rxd3 Nb2 32. Re3 Ra8 33. Nf5 Kf8 34. f4 f6 35. fxe5 fxe5 36. Rf3 Kg8 37. Ne7+ Kh7 38. Rf7 Nc4 39. g4 Ne3 40. Nf5 Nxd5 41. Rxg7+ Kh8 42. c4 Nxb4 43. Rxc7 Rd8 44. Nxh6 Rf8 45. Nf7+ Kg7 46. Nxe5+ Kf6 47. Nd7+ Ke7 48. Nxf8+ Kxf8 49. Rd7 Nd3 50. Rxd6 Ne5 51. c5 Nf3+ 52. Kg3 Ne5 53. c6 Ke7 54. Rh6 Kd8 55. h4 Nf7 56. Rf6 Ne5 57. g5 Ke7 58. h5 Nd3 59. c7 Kd7 60. Rf7+ Kc8 61. h6 Ne5 62. Rg7 Nc6 63. h7 Ne5 64. h8=Q+ 1-0


[Site "https://www.chess.com"]

[Event "Titled Tuesday Blitz March 21 Early 2023"]
[White "Jeet, Jain"]
[Black "Delorme, Alban"]
[WhiteFideId "5073022"]
[BlackFideId "623636"]
[WhiteElo "2067"]
[BlackElo "2196"]
[Result "1-0"]
[Round "01"]
[TimeControl "180+2"]
[Date "2023.03.21"]
[WhiteClock "0:02:21"]
[BlackClock "0:00:38"]

1. Nf3 Nf6 2. g3 g6 3. Bg2 Bg7 4. O-O O-O 5. d4 d5 6. b3 c5 7. e3 Nc6 8. Bb2 Ne4 9. a3 Bf5 10. Nh4 e6 11. Nxf5 exf5 12. c3 Rc8 13. Nd2 cxd4 14. cxd4 Qd7 15. b4 a6 16. Nb3 Rfd8 17. Qd3 Ne7 18. Rac1 Rxc1 19. Rxc1 Rc8 20. Nc5 Nxc5 21. bxc5 b6 22. cxb6 Rxc1+ 23. Bxc1 Qc6 24. Qb1 Qb7 25. a4 a5 26. Bd2 Nc6 27. Bxd5 Bf8 28. Qb5 1-0


[Site "https://www.chess.com"]

[Event "Titled Tuesday Blitz March 21 Early 2023"]
[White "Bongo Akanga Ndjila, Barthelemy"]
[Black "Safin, Robert"]
[WhiteFideId "10609431"]
[BlackFideId "34189120"]
[WhiteElo "1768"]
[BlackElo "2245"]
[Result "0-1"]
[Round "01"]
[TimeControl "180+2"]
[Date "2023.03.21"]
[WhiteClock "0:00:53"]
[BlackClock "0:00:15"]

1. d4 Nf6 2. c4 e6 3. Nf3 d5 4. Nc3 c5 5. cxd5 cxd4 6. Nxd4 Nxd5 7. g3 Nxc3 8. bxc3 e5 9. Nb5 a6 10. Qxd8+ Kxd8 11. Na3 Be6 12. Bg2 Kc7 13. O-O Nd7 14. Rd1 f6 15. Nc2 Nb6 16. Nb4 Be7 17. Nd5+ Nxd5 18. Bxd5 Rhd8 19. e4 Rd7 20. Be3 Bxd5 21. exd5 Ba3 22. Rab1 b5 23. Rb3 Bd6 24. Rc1 Rc8 25. c4 bxc4 26. Rxc4+ Kd8 27. Bb6+ Bc7 28. d6 Rxd6 29. Bxc7+ Rxc7 30. Rb8+ Kd7 31. Ra4 Ke6 32. Ra8 Rcc6 33. Kg2 h5 34. h4 Kf5 35. Ra7 Kg6 36. a3 Rb6 37. Ra5 Rb2 38. R7xa6 Rdd2 39. Rxe5 Rxf2+ 40. Kg1 Rg2+ 41. Kf1 Rxg3 42. Re4 Rg4 43. Re7 Rxh4 44. Raa7 Rh1# 0-1


[Site "https://www.chess.com"]

[Event "Titled Tuesday Blitz March 21 Early 2023"]
[White "MKlose11"]
[Black "lluiss"]
[WhiteElo "2603"]
[BlackElo "2157"]
[Result "1-0"]
[Round "01"]
[TimeControl "180+2"]
[Date "2023.03.21"]
[WhiteClock "0:01:27"]
[BlackClock "0:00:40"]

1. e4 c5 2. Nc3 d6 3. g3 Nc6 4. Bg2 g6 5. d3 Bg7 6. h3 Nf6 7. Be3 O-O 8. Qd2 Nd4 9. Nd1 Re8 10. c3 Nc6 11. Ne2 Rb8 12. O-O b5 13. Bh6 b4 14. Bxg7 Kxg7 15. f4 bxc3 16. bxc3 Bd7 17. Ne3 Qa5 18. Nc4 Qa6 19. e5 dxe5 20. fxe5 Ng8 21. Nf4 Rf8 22. Qe3 e6 23. Qxc5 Rfc8 24. Qf2 Be8 25. Nd6 Rc7 26. d4 Nh6 27. Nh5+ Kf8 28. Qf6 Nf5 29. g4 Nxd6 30. exd6 Rcb7 31. Qg7# 1-0


[Site "https://www.chess.com"]

[Event "Titled Tuesday Blitz March 21 Early 2023"]
[White "Larina, Maria"]
[Black "Loiacono, Antonio"]
[WhiteFideId "24113182"]
[BlackFideId "895415"]
[WhiteElo "1848"]
[BlackElo "2257"]
[Result "0-1"]
[Round "01"]
[TimeControl "180+2"]
[Date "2023.03.21"]
[WhiteClock "0:00:55"]
[BlackClock "0:01:05"]

1. e4 e5 2. Nf3 Nc6 3. Nc3 Nf6 4. Bb5 Bd6 5. d3 O-O 6. a3 a6 7. Ba4 Re8 8. O-O Ne7 9. Bg5 Ng6 10. Nd5 Be7 11. Nxe7+ Qxe7 12. Re1 h6 13. Be3 b5 14. Bb3 d6 15. h3 c5 16. c3 Bb7 17. Bc2 Rac8 18. Qd2 c4 19. Bb6 cxd3 20. Bxd3 Bc6 21. Rad1 Qb7 22. Qe3 d5 23. Ba5 dxe4 24. Be2 exf3 25. Bxf3 Bxf3 26. Qxf3 Qxf3 27. gxf3 0-1


[Site "https://www.chess.com"]

[Event "Titled Tuesday Blitz March 21 Early 2023"]
[White "Pinheiro, Iung Alicio de O."]
[Black "Vargas Rodriguez, Wilver"]
[WhiteFideId "2104350"]
[BlackFideId "3509672"]
[WhiteElo "2283"]
[BlackElo "2238"]
[Result "1-0"]
[Round "01"]
[TimeControl "180+2"]
[Date "2023.03.21"]
[WhiteClock "0:00:26"]
[BlackClock "0:00:01"]

1. e4 c5 2. Nf3 d6 3. Nc3 Nf6 4. e5 dxe5 5. Nxe5 Nfd7 6. Nf3 e6 7. g3 b6 8. Bg2 Bb7 9. O-O Be7 10. d4 cxd4 11. Nxd4 Bxg2 12. Kxg2 O-O 13. Qf3 Na6 14. Nc6 Qe8 15. Be3 Nac5 16. Nb5 Nb8 17. Nxe7+ Qxe7 18. Qxa8 Nb7 19. Qxa7 Qd7 20. Qxb6 Nc6 21. Rad1 Qc8 22. Nd6 Nxd6 23. Rxd6 Ne5 24. Qd4 Qa8+ 25. f3 Nc6 26. Qd2 Ne5 27. b3 1-0


[Site "https://www.chess.com"]